 Dungeon Crawl Stone Soup version bcrawl-1.22-26-g3963c97c8d (webtiles) character file.

Game seed: 5606587775918656035

7 pasperui the Ducker (level 2, 29/29 HPs)
             Began as a Gnoll Reaver on May 19, 2020.
             Was an Initiate of Vehumet.
             Got out of the dungeon alive.
             The game lasted 00:00:48 (318 turns).

pasperui the Ducker (Gnoll Reaver)                   Turns: 318, Time: 00:00:49

Health: 29/29      AC:  5    Str: 13    XL:     2   Next: 4%
Magic:  7/7        EV: 15    Int: 16    God:    Vehumet [......]
Gold:   59         SH:  0    Dex: 13    Spells: 10/10 levels left

rFire    . . .     SeeInvis .   k - -2 spear (curse)
rCold    . . .     Gourm    .   (no shield)
rNeg     . . .     Faith    .   b - +0 steam dragon scales
rPois    .         Spirit   .   (no helmet)
rElec    .         Reflect  .   (no cloak)
rCorr    .         Harm     .   (no gloves)
MR       .....                  (no boots)
Stlth    +.........             (no amulet)
HPRegen  0.09/turn              (no ring)
MPRegen  0.10/turn              (no ring)

@: no status effects
A: distributed training, fangs 1, strong nose
a: Renounce Religion


You escaped.
You worshipped Vehumet.
Vehumet was noncommittal.
You were not hungry.

You visited 1 branch of the dungeon, and saw 1 of its levels.

You collected 59 gold pieces.

Inventory:

Hand Weapons
 a - a +0 long sword
 k - a cursed -2 spear (weapon)
Missiles
 f - 127 stones (quivered)
Armour
 b - +0 steam dragon scales (worn)
Scrolls
 d - a scroll of immolation
 g - a scroll of noise {unknown}
 i - a scroll of identify {unknown}
 l - a scroll of enchant armour {unknown}
Potions
 c - a potion of haste
 h - a potion of invisibility {unknown}
Comestibles
 e - a ration {!d}
 j - a chunk of flesh


   Skills:
 + Level 6.4 Fighting
 + Level 0.2 Short Blades
 + Level 6.4 Long Blades
 + Level 0.2 Axes
 + Level 0.2 Maces & Flails
 + Level 0.2 Polearms
 + Level 0.2 Staves
 + Level 0.2 Slings
 + Level 0.2 Bows
 + Level 0.2 Crossbows
 + Level 0.2 Throwing
 + Level 0.2 Armour
 + Level 6.4 Dodging
 + Level 0.2 Stealth
 + Level 0.2 Shields
 + Level 0.2 Unarmed Combat
 + Level 4.9 Spellcasting
 + Level 0.1 Conjurations
 + Level 0.1 Hexes
 + Level 0.1 Charms
 + Level 0.1 Summonings
 + Level 0.1 Necromancy
 + Level 0.1 Translocations
 + Level 0.1 Transmutations
 + Level 0.1 Fire Magic
 + Level 0.1 Ice Magic
 + Level 0.1 Air Magic
 + Level 0.1 Earth Magic
 + Level 0.1 Poison Magic
 + Level 0.3 Invocations
 + Level 0.2 Evocations


You had 10 spell levels left.
You didn't know any spells.
Your spell library contained the following spells:

 Spells                   Type           Power        Failure   Level  Hunger
 Iskenderun's Battlesphe  Conj/Chrm      #.......     99%         5    ######.


Dungeon Overview and Level Annotations

Branches:
Dungeon (1/12)

Altars:


Innate Abilities, Weirdness & Mutations

Your experience applies equally to all skills.
You have very sharp teeth.
Your uncanny sense of smell can sniff out nearby items.


Message History

Aim: a bat You reach to attack!
You hit the bat.
The bat is severely wounded.
The bat hits you but does no damage. The bat misses you.
Attack whom?
Press: ? - help, Dir - move target cursor, f/p - bat
Aim: a bat (severely wounded)
You hit the bat.
You kill the bat!
Vehumet accepts your kill.
You open the door.
There is an open door here.
Things that are here:
a dagger; a hand axe
There is a large open door here.
There is a dry fountain here.
There is a dry fountain here.
There is a staircase leading out of the dungeon here.
Are you sure you want to leave the Dungeon?
This will make you lose the game!
You have escaped!

#.........^.##...##
##........>.''....#
............##....#
##..........##....#
............).....#
............#######
...########## #####
...# ##.>.## ...#
##..@..## ...#
##.......## ##.#
##.[⌠...⌠..## #.#
##...........## #.#
##.⌠....⌠....⌠.## #.#
##...............## #.#
##..⌠...⌠...⌠...⌠..##
##.#
##...................##
...#
#......⌠.......⌠......#


There were no monsters in sight!

Vanquished Creatures
  2 bats (D:1)
  A giant cockroach (D:1)
  2 hobgoblins (D:1)
  A frilled lizard (D:1)
  A kobold (D:1)
7 creatures vanquished.

Notes
Turn   | Place    | Note
-------+----------+-------------------------------------------
     0 | D:1      | pasperui the Gnoll Reaver began the quest for the Orb.
     0 | D:1      | Reached XP level 1. HP: 23/23 MP: 6/6
   227 | D:1      | Reached XP level 2. HP: 29/29 MP: 7/7
   318 | D:$      | Got out of the dungeon alive.

Action                   || total
-------------------------++-------
Melee: Spear             ||    11
       Long sword        ||     4
       Bite              ||     2
Armor: Steam dragon scal ||     6
Dodge: Dodged            ||    10
